Description

Zerg and baneling build add hydras later in the mid game.

Build Order

Get SALT Encoding   

  14  0:00  Drone  Scouting drone
  17  0:55  Hatchery  
  18  1:12  Extractor  
  17  1:16  Spawning Pool  
  19  2:15  Metabolic Boost  
  32  2:45  Overlord  3rd
  31  3:00  Hatchery  
  31  3:10  Queen  3rd queen
  34  3:30  Extractor  Back on gas/Scout with overlord
  34  4:00  Overlord  Send over lord in
  48  4:15  Baneling Nest  
  48  4:17  Extractor  2nd
  48  4:24  Queen x3  
  50  4:28  Zergling x9  
  52  4:30  Lair  
Spawning Tool Build Advisor. Get it on Overwolf

Go to:

Details

  • Created by: carth3405
  • Published on: Jan 08, 2024
  • Modified on: Jan 12, 2024
  • Patch: 5.0.11
  • Difficulty: Easy
Show
View Real Time Build Order
Export as new Build Order

Comments (0)

There are no comments. Be the first!

Create an account to comment!